 Dungeon Crawl Stone Soup version 0.32-a0-799-g95e1662365 (webtiles) character file.

Game seed: 10072710307302532591

685 ezpacito the Trooper (level 7, -10/55 HPs)
             Began as a Coglin Chaos Knight on Mar 21, 2024.
             Was a Plaything of Xom.
             Succumbed to a water moccasin's poison
             ... on level 6 of the Dungeon.
             The game lasted 00:03:47 (3869 turns).

ezpacito the Trooper (Coglin Chaos Knight)          Turns: 3869, Time: 00:03:48

Health: -10/55     AC: 10    Str: 14    XL:     7   Next: 62%
Magic:  9/9        EV:  7    Int: 11    God:    Xom [..*...]
Gold:   359        SH:  0    Dex: 14    Spells: 9/9 levels left

rFire   . . .        a - +0 hand axe (chaos) {Gloria}
rCold   . . .        p - +0 spear {Yashnoor}
rNeg    . . .        u - +0 chain mail
rPois   .            (no helmet)
rElec   .            (no cloak)
rCorr   .            (no gloves)
SInv    .            e - +0 pair of boots
Will    .....        (amulet unavailable) Stlth
                     (ring unavailable)
HPRegen 0.29/turn    (ring unavailable)
MPRegen 0.11/turn    (no gizmo)

%: no passive effects
@: lethally poisoned (-10 -> -59), on berserk cooldown, slowed, revved, very
slow
A: off-hand wielding, slow wielding, warmup strikes, no jewellery
a: Invent Gizmo, Renounce Religion


You were on level 6 of the Dungeon.
You worshipped Xom.
You were a toy of Xom.
You visited 2 branches of the dungeon, and saw 7 of its levels.

You collected 359 gold pieces.

Inventory:

Hand Weapons
 a - a +0 hand axe of chaos (weapon) {Gloria}
 p - a +0 spear (offhand) {Yashnoor}
 q - a +0 war axe
Missiles
 v - 6 boomerangs (quivered)
 z - 2 poisoned darts
Armour
 e - a +0 pair of boots (worn)
 u - a +0 chain mail (worn)
Talismans
 k - a storm talisman
Scrolls
 c - a scroll of butterflies
 f - a scroll of revelation {unknown}
 g - a scroll of enchant weapon {unknown}
 j - a scroll of silence {unknown}
 m - a scroll of acquirement {unknown}
 o - 2 scrolls of teleportation {unknown}
 r - 2 scrolls of vulnerability {unknown}
 s - a scroll of torment {unknown}
 y - a scroll of poison {unknown}
 A - a scroll of immolation {unknown}
Potions
 b - a potion of berserk rage {unknown}
 d - 2 potions of invisibility
 h - 3 potions of haste
 i - a potion of enlightenment {unknown}
 l - a potion of attraction {unknown}
 n - 3 potions of lignification
 t - a potion of mutation
 w - a potion of magic {unknown}
 x - a potion of brilliance {unknown}


   Skills:
 * Level 4.5 Fighting
 * Level 4.4(4.7) Axes
 + Level 2.0(3.3) Polearms
 * Level 3.5 Armour
 * Level 3.1 Dodging
 + Level 1.8 Stealth
 + Level 1.6 Spellcasting


You had 9 spell levels left.
You didn't know any spells.
Your spell library contained the following spells:

 Spells                   Type           Power      Damage    Failure   Level
 Magic Dart               Conj           0%         1d3       99%         1
 Slow                     Hex            0%         N/A       99%         1
 Searing Ray              Conj           0%         2d4       100%        2
 Confusing Touch          Hex            0%         N/A       100%        3
 Vampiric Draining        Necr           0%         2d6       100%        3
 Fulminant Prism          Conj/Alch      0%         3d5       100%        4


Dungeon Overview and Level Annotations

Branches:
Dungeon (6/15)             Temple (1/1) D:5

Altars:
Cheibriados
Dithmenos
Elyvilon
Fedhas
Gozag
Hepliaklqana
Kikubaaqudgha
Makhleb
Okawaru
Qazlal
Ru
Sif Muna
Trog
Uskayaw
Vehumet
Wu Jian
Xom
Yredelemnul
Zin
The Shining One


Innate Abilities, Weirdness & Mutations

You can wield a second weapon in your off-hand.
It takes a long time for you to wield or remove held weapons.
Your first few attacks do less damage.
You cannot equip rings or amulets.


Message History

You feel yourself slow down.
You now have 40/55 hp.
The water moccasin bites you but does no damage.
You closely miss the water moccasin with your +0 spear.
You closely miss the water moccasin with your +0 hand axe of chaos.
The water moccasin barely misses you. x2
You closely miss the water moccasin with your +0 hand axe of chaos.
You closely miss the water moccasin with your +0 spear.
The water moccasin bites you.
You are poisoned.
The water moccasin poisons you! The water moccasin bites you.
You take 3 damage, and have 37/55 hp.
You miss the water moccasin with your +0 spear.
You hit the water moccasin but do no damage.
The water moccasin seems to slow down.
You feel very sick. The water moccasin bites you!
You are lethally poisoned!
The water moccasin poisons you!
The water moccasin bites you but does no damage.
You take 12 damage, and have 25/55 hp.
MASSIVE DAMAGE!!
You hit the water moccasin with your +0 hand axe of chaos.
You burn the water moccasin.
The water moccasin is lightly wounded.
You hit the water moccasin with your +0 spear.
You feel extremely sick. The water moccasin bites you.
* * * LOW HITPOINT WARNING * * *
You are more poisoned.
The water moccasin poisons you! The water moccasin bites you.
* * * LOW HITPOINT WARNING * * *
You are more poisoned.
The water moccasin poisons you!
You take 20 damage, and have 5/55 hp.
MASSIVE DAMAGE!!
You hit the water moccasin but do no damage.
The water moccasin is poisoned.
The water moccasin is lightly wounded.
You barely miss the water moccasin with your +0 spear.
You die...
Xom chuckles heartily!

#.# #.# #.# #.#
..#.###.#
#......>##### #
#..†..#######
#.#.###.......######
#..@# #######.......
###S# #######. #.#
## ... ... ### ##...
... #.#. .## #.#.# #
..


You could see a water moccasin (poisoned, slow).

Vanquished Creatures
  An ice beast (D:5)
  A black bear (D:5)
  A scorpion (D:5)
  A bombardier beetle (D:5)
  3 hounds
  A gnoll bouda (D:4)
  An orc priest (D:4)
  An iguana (D:6)
  Natasha (thrice) (D:3)
  3 gnolls (D:4)
  4 adders
  A white imp (D:5)
  3 dart slugs
  3 ribbon worms
  9 orcs
  7 ball pythons
  4 bats
  3 endoplasms (D:4)
  3 giant cockroaches
  4 goblins
  6 hobgoblins
  7 jackals
  A quokka (D:4)
  4 kobolds
  3 rats
78 creatures vanquished.

Notes
Turn   | Place    | Note
-------+----------+-------------------------------------------
     0 | D:1      | ezpacito the Coglin Chaos Knight began the quest for the
                  | Orb.
     0 | D:1      | Reached XP level 1. HP: 18/18 MP: 1/1
    37 | D:1      | Reached skill level 1 in Dodging
   161 | D:1      | XOM: silly message
   172 | D:1      | Reached XP level 2. HP: 24/24 MP: 2/2
   736 | D:2      | XOM: silly message
   778 | D:2      | Reached XP level 3. HP: 29/29 MP: 3/3
   825 | D:2      | You fall into a shaft and drop 2 floors!
   839 | D:4      | XOM: divination: detect creatures
   870 | D:4      | XOM is BORED!
   870 | D:4      | XOM: silly message
   949 | D:4      | XOM: potion effect (haste)
   956 | D:4      | XOM: butterfly on damage
   960 | D:4      | Reached XP level 4. HP: 12/35 MP: 4/4
  1066 | D:3      | XOM: silly message
  1157 | D:3      | XOM: 1-stop teleportation journey
  1167 | D:3      | XOM: confuse monster(s)
  1182 | D:3      | Reached skill level 1 in Stealth
  1182 | D:3      | Reached XP level 5. HP: 26/41 MP: 4/6
  1392 | D:2      | Identified the +2 hand axe "Weozxefe" {drain, rPois Str-2
                  | Dex+2 Stlth+}
  1444 | D:2      | XOM: divination: magic mapping
  1784 | D:3      | Found a sacrificial altar of Ru.
  1845 | D:3      | Reached skill level 1 in Polearms
  2127 | D:3      | Noticed Natasha
  2129 | D:3      | Killed Natasha
  2226 | D:3      | Noticed Natasha
  2237 | D:3      | Killed Natasha
  2238 | D:3      | Reached skill level 1 in Spellcasting
  2317 | D:3      | Found an ornate altar of the Wu Jian Council.
  2533 | D:3      | Noticed Natasha
  2539 | D:3      | Killed Natasha
  2540 | D:3      | Reached XP level 6. HP: 42/48 MP: 7/7
  2635 | D:4      | Found a glowing silver altar of Zin.
  2643 | D:4      | Found a basalt altar of Yredelemnul.
  2644 | D:4      | Found a hide-covered altar of Uskayaw.
  2817 | D:4      | Found a snail-covered altar of Cheibriados.
  2825 | D:4      | Found a white marble altar of Elyvilon.
  3129 | D:5      | Entered Level 5 of the Dungeon
  3285 | D:5      | Noticed a black bear
  3295 | D:5      | Killed a black bear
  3380 | D:5      | Reached XP level 7. HP: 47/54 MP: 8/8
  3514 | D:5      | XOM: god gift: potion of degeneration
  3594 | D:5      | Found a staircase to the Ecumenical Temple.
  3672 | Temple   | Entered the Ecumenical Temple
  3856 | D:6      | XOM: potion effect (berserk rage)
  3869 | D:6      | Succumbed to a water moccasin's poison

Illustrated notes

Levels and vault maps discovered:
D:1:      mainiacjoe_arrival_reflecting_pool, layout_loops_ring, nicolae_titane
D:2:      layout_loops_ring, serial_forest, infiniplex_forest_corner_1,
          infiniplex_forest_lined_ring, infiniplex_forest_lined_room_2,
          infiniplex_forest_side_room, infiniplex_forest_diagonal
D:3:      layout_loops_ring, mainiacjoe_overflow_paths,
          pdpol_wu_jian_five_deadly_venoms, kennysheep_decorative_pillar,
          skrybe_limestone_x, uniq_natasha
D:4:      layout_loops_ring, mainiacjoe_overflow_catwalk_spiral, minitemple,
          hangedman_abyss_or_decor_lesser_grid
D:5:      layout_rooms, minmay_temple_entry_antechambers
D:6:      layout_rooms, nemelex_xobeh_ov_fountains_minmay
Temple:   nicolae_temple_god_jail

Skill      XL: |  1  2  3  4  5  6  7 |
---------------+----------------------+-----
Dodging        | 1 2 3 |  3.1
Armour         | 2 3 |  3.5
Stealth        | 1 |  1.8
Polearms       | 1 2 |  2.0
Spellcasting   | 1 |  1.6
Fighting       | 4 |  4.5
Axes           | 4 |  4.4

Action                     |  1- 3 |  4- 6 |  7- 9 || total
---------------------------+-------+-------+-------++-------
  Melee: Hand axe          |    48 |   114 |    56 ||   218
         Dagger            |    43 |    40 |       ||    83
         Spear             |       |    75 |    59 ||   134
    Use: Potion            |       |     2 |     2 ||     4
         Scroll            |       |     6 |     1 ||     7
   Stab: Sleeping          |     2 |     2 |       ||     4
         Petrifying        |       |     4 |       ||     4
         Paralysed         |       |     1 |       ||     1
         Confused          |       |       |     3 ||     3
 Armour: Leather armour    |    24 |    47 |       ||    71
         Chain mail        |       |    47 |    34 ||    81
  Dodge: Dodged            |    13 |    43 |    14 ||    70

Table legend: (Time is in decaauts)
 A = Elapsed time spent in this place.
 B = Non-inter-level travel time spent in this place.
 C = Inter-level travel time spent in this place.
 D = Time resting spent in this place.
 E = Time spent auto-exploring this place.
 F = Levels seen in this place.
 G = Mean time per level.
                   A        B        C        D        E       F      G
               +--------+--------+--------+--------+--------+-----+--------+
         Total |   3849 |   3631 |    218 |     92 |   2864 |   7 |  549.9 |
       Dungeon |   3847 |   3629 |    218 |     92 |   2864 |   6 |  641.2 |
        Temple |      1 |      1 |      0 |      0 |      0 |   1 |    1.0 |
               +--------+--------+--------+--------+--------+-----+--------+

Top non-repeatable levels by time:
     D:3: 1018 daAuts
     D:4: 863 daAuts
     D:2: 741 daAuts
     D:1: 595 daAuts
     D:5: 556 daAuts
     D:6: 74 daAuts
  Temple: 1 daAuts
